 Dungeon Crawl Stone Soup version 0.29-a0-690-g32ab5fea29 (webtiles) character file.

Game seed: 204846469100746007

239 KristoblXynda the Slasher (level 5, -2/46 HPs)
             Began as a Draconian Gladiator on June 25, 2022.
             Killed from afar by an orc wizard (7 damage)
             ... with a puff of flame
             ... on level 4 of the Dungeon.
             The game lasted 00:06:43 (3627 turns).

KristoblXynda the Slasher (Draconian Gladiator)     Turns: 3627, Time: 00:06:43

Health: -2/46      AC:  5    Str: 17    XL:     5   Next: 79%
Magic:  5/5        EV: 13    Int:  8    God:
Gold:   184        SH:  0    Dex: 14    Spells: 2/4 levels left

rFire   . . .      SeeInvis .   a - +0 long sword
rCold   . . .      Faith    .   (no shield)
rNeg    . . .      Spirit   .   (body armour unavailable)
rPois   .          Reflect  .   b - +0 hat
rElec   .          Harm     .   (no cloak)
rCorr   .          Rampage  .   (no gloves)
Will    .....                   (no boots)
Stlth   +.........              (no amulet)
HPRegen 0.15/turn               (no ring)
MPRegen 0.09/turn               (no ring)

@: on berserk cooldown, slowed, very slow
A: AC +5, unfitting armour, cold-blooded
a: no special abilities


You were on level 4 of the Dungeon.
You visited 1 branch of the dungeon, and saw 4 of its levels.

You collected 204 gold pieces.
You spent 20 gold pieces at shops.

Inventory:

Hand Weapons
 a - a +0 long sword (weapon)
Missiles
 c - 2 throwing nets (quivered)
 d - a javelin
Armour
 b - a +0 hat (worn)
Scrolls
 e - a scroll of noise {unknown}
 g - 2 scrolls of fog {unknown}
 j - 4 scrolls of teleportation {unknown}
Potions
 h - 2 potions of brilliance {unknown}
 i - a potion of attraction {unknown}
 k - a potion of lignification {unknown}
 l - a potion of berserk rage
 m - a potion of flight {unknown}
 n - a potion of resistance


   Skills:
 + Level 3.8 Fighting
 * Level 4.9 Long Blades
 - Level 2.2 Throwing
 + Level 3.7 Dodging


You had 2 spell levels left.
You knew the following spells:

 Your Spells              Type           Power      Damage    Failure   Level
a - Wereblood             Tmut           0%         N/A       54%         2

Your spell library contained the following spells:

 Spells                   Type           Power      Damage    Failure   Level
 Summon Small Mammal      Summ           0%         N/A       41%         1
 Ensorcelled Hibernation  Hex/Ice        0%         N/A       54%         2
 Passwall                 Tmut/Erth      0%         N/A       54%         2
 Sublimation of Blood     Necr           0%         N/A       54%         2
 Call Canine Familiar     Summ           0%         N/A       78%         3
 Summon Guardian Golem    Hex/Summ       0%         N/A       78%         3
 Swiftness                Air            0%         N/A       78%         3
 Summon Hydra             Summ           0%         N/A       100%        7


Dungeon Overview and Level Annotations

Branches:
Dungeon (4/15)
 Temple: D:4-7

Altars:
Fedhas
Xom
Beogh

Shops:
D:2 *


Innate Abilities, Weirdness & Mutations

Your plain brown scales are hard. (AC +5)
You cannot fit into any form of body armour.
You are cold-blooded and may be slowed by cold attacks.


Message History

Something tries to affect you, but you resist.
You see here a +0 dagger.
You feel a strong urge to attack something.
You start resting.
You are no longer berserk.
You are exhausted.
You feel yourself slow down.
You start resting.
Something hits you but does no damage. Something hits you.
* * * LOW HITPOINT WARNING * * *
You start resting.
Something hits you but does no damage.
You start resting.
You hear some strange, mumbled words.
A magic dart appears from out of thin air!
The magic dart hits you.
* * * LOW HITPOINT WARNING * * *
Something hits you but does no damage.
There is a strange disturbance nearby!
You hit something. You tail-slap something.
Something hits you but does no damage. x2
Okay, then.
Throw: 4 throwing nets
Press: ? - help, Q - select action, (/) - cycle Shift-Dir - straight line You throw a throwing net.
Something hits you but does no damage.
Unknown command.
Throw: 3 throwing nets
Press: ? - help, Q - select action, (/) - cycle Shift-Dir - straight line, f - you Really target yourself?
Okay, then.
Throw: 3 throwing nets
Press: ? - help, Q - select action, (/) - cycle Shift-Dir - straight line You throw a throwing net.
Something gets caught in the net!
Something wriggles in the net.
Unknown command.
You slash something!
You hear some strange, mumbled words.
A puff of flame appears from out of thin air!
The puff of flame hits you!
You die...

#... #.#.####
#.#.... ...
#.....# ....
#.....#
.....#.....##
.....#......#
.....#(.{@!.## .#
#..)))....#..#
.#+#...†##.#.#..#
........# .#....#
........# .##...#
.......$##+##...#
.....#..........#
.....#..........#
.... #..........#


There were no monsters in sight!

Vanquished Creatures
  An orc priest (D:4)
  A hound (D:4)
  An orc wizard (D:4)
  3 gnolls
  2 adders (D:2)
  3 ufetubi
  2 worms (D:2)
  5 dart slugs
  An orc (D:4)
  5 bats
  3 endoplasms
  4 giant cockroaches
  5 goblins
  4 hobgoblins
  11 jackals
  2 kobolds
  5 quokkas
  2 ball pythons
  A frilled lizard (D:1)
  11 rats
72 creatures vanquished.

Notes
Turn   | Place    | Note
-------+----------+-------------------------------------------
     0 | D:1      | KristoblXynda the Draconian Gladiator began the quest for
                  | the Orb.
     0 | D:1      | Reached XP level 1. HP: 17/17 MP: 1/1
   100 | D:1      | Found a faded altar of an unknown god.
   118 | D:1      | Reached XP level 2. HP: 19/25 MP: 2/2
  1278 | D:1      | Reached XP level 3. HP: 30/30 MP: 3/3
  1875 | D:2      | Reached XP level 4. HP: 34/38 MP: 4/4
  2220 | D:2      | Found a shimmering altar of Xom.
  2323 | D:2      | Reached skill level 4 in Long Blades
  2541 | D:2      | Found Cahyv's General Store.
  2544 | D:2      | Bought a scroll of identify for 20 gold pieces
  3044 | D:3      | Found a blossoming altar of Fedhas.
  3172 | D:3      | Learned a level 2 spell: Wereblood
  3350 | D:4      | Reached XP level 5. HP: 37/45 MP: 5/5
  3627 | D:4      | Killed from afar by an orc wizard

Illustrated notes

Levels and vault maps discovered:
D:1:      scummos_arrival_forest, layout_basic,
          hellmonk_ecumenical_altar_defaced_shrine
D:2:      layout_rooms, serial_shops, nicolae_shop_behind_doors, basic_altar,
          serial_bayou_pond_e
D:3:      layout_rooms, fedhas_altar_2, minmay_stone_trees_small, minivault_14
D:4:      layout_basic, grunt_ministairs_14, minmay_starry_boxes

Skill      XL: |  1  2  3  4 |
---------------+-------------+-----
Throwing       | 2 |  2.2
Dodging        | 3 |  3.7
Fighting       | 3 |  3.8
Long Blades    | 4 |  4.9

Action                   |  1- 3 |  4- 6 || total
-------------------------+-------+-------++-------
Melee: Long sword        |    80 |   122 ||   202
       Tailslap          |     2 |    16 ||    18
Throw: Throwing net      |       |     2 ||     2
  Use: Scroll            |       |     3 ||     3
       Potion            |       |     3 ||     3
 Stab: Sleeping          |       |     1 ||     1
Armor: Skin              |    32 |    62 ||    94
Dodge: Dodged            |    67 |   139 ||   206

Table legend: (Time is in decaauts)
 A = Elapsed time spent in this place.
 B = Non-inter-level travel time spent in this place.
 C = Inter-level travel time spent in this place.
 D = Time resting spent in this place.
 E = Time spent auto-exploring this place.
 F = Levels seen in this place.
 G = Mean time per level.
                   A        B        C        D        E       F      G
               +--------+--------+--------+--------+--------+-----+--------+
         Total |   3672 |   3541 |    131 |    831 |   2208 |   4 |  918.0 |
       Dungeon |   3672 |   3541 |    131 |    831 |   2208 |   4 |  918.0 |
               +--------+--------+--------+--------+--------+-----+--------+

Top non-repeatable levels by time:
     D:1: 1685 daAuts
     D:2: 974 daAuts
     D:3: 717 daAuts
     D:4: 294 daAuts
